 Dungeon Crawl Stone Soup version 0.31-a0-1522-g43313d8a59 (webtiles) character file.

Game seed: 8301177219852793195

9 AstroCodex24 the Shield-Bearer (level 1, -1/18 HPs)
             Began as a Demigod Fighter on Dec 31, 2023.
             Killed from afar by a dart slug (2 damage)
             ... with a slug dart
             ... on level 3 of the Dungeon.
             The game lasted 00:00:57 (169 turns).

AstroCodex24 the Shield-Bearer (Demigod Fighter)     Turns: 169, Time: 00:00:58

Health: -1/18      AC:  6    Str: 17    XL:     1   Next: 93%
Magic:  3/3        EV:  9    Int: 10    God:
Gold:   0          SH:  4    Dex: 13    Spells: 0/0 levels left

rFire   . . .        a - +0 war axe
rCold   . . .        c - +0 buckler
rNeg    . . .        b - +0 scale mail
rPois   .            (no helmet)
rElec   .            (no cloak)
rCorr   .            (no gloves)
SInv    .            (no boots)
Will    .....        (no amulet) Stlth
                     (no ring)
HPRegen 0.23/turn    (no ring)
MPRegen 0.08/turn

%: no passive effects
@: no status effects
A: high MP 1, forlorn, divine attributes
a: no special abilities


You were on level 3 of the Dungeon.
You visited 1 branch of the dungeon, and saw 3 of its levels.

Inventory:

Hand Weapons
 a - a +0 war axe (weapon)
Armour
 b - a +0 scale mail (worn)
 c - a +0 buckler (worn)
Wands
 g - a wand of mindburst (9)
Scrolls
 f - a scroll of revelation {unknown}
Potions
 d - a potion of might
 e - 2 potions of invisibility {unknown}


   Skills:
 + Level 2.7 Fighting
 + Level 1.9 Axes
 + Level 2.9 Armour
 + Level 2.9 Shields


You couldn't memorise any spells.
You didn't know any spells.
Your spell library was empty.

Dungeon Overview and Level Annotations

Branches:
Dungeon (3/15)


Innate Abilities, Weirdness & Mutations

You have an increased reservoir of magic. (+10% MP)
You shall have no god before yourself.
Your divine heritage dramatically boosts your attributes as you level up.


Message History

You miss the bat. The bat barely misses you. You block the bat's attack.
The dart slug briefly extends its eye-stalks.
The bat barely misses you.
You slash the bat!
You kill the bat!
You miss the bat. The bat closely misses you.
The dart slug launches a dart at you. The slug dart hits you.
The dart slug launches a dart at you. The slug dart hits you.
The dart slug launches a dart at you. You block the slug dart.
You block the bat's attack. The dart slug launches a dart at you.
The slug dart hits you. The dart slug launches a dart at you.
The slug dart hits you. The dart slug launches a dart at you.
The slug dart misses you. The dart slug launches a dart at you.
The slug dart misses you. The bat hits you but does no damage.
You see here a wand of mindburst (10).
g - a wand of mindburst (10)
The bat barely misses you. The dart slug launches a dart at you.
The slug dart hits you.
* * * LOW HITPOINT WARNING * * *
Aiming: Mindburst
Press: ? - help, Q - select action Shift-Dir - straight line, f - dart slug
Aim: a dart slug (chance to affect: 79%)
The dart slug's mind is blasted!
You blow up the dart slug!
The bat barely misses you. The dart slug launches a dart at you.
The slug dart hits you.
* * * LOW HITPOINT WARNING * * *
The dart slug launches a dart at you. The slug dart hits you.
You die...

#....b~w~
####.#.#~≈≈~~~...
#....≈~~~≈≈≈≈~~~.
....~≈≈≈~ ~≈≈#≈~~
. #.≈≈≈≈##w~≈≈≈≈~
..#~w≈≈#≈#≈~≈#≈≈≈
#.~≈#≈<~~≈r~~~~≈≈
#.~≈~8~~~.b.~.8.≈
#.w≈≈.[.@.<.....~
##≈≈#..~~$$.~~!~≈
#≈≈≈~≈~~~~#≈≈≈≈#
##≈≈≈≈≈≈~≈≈≈≈≈≈~
#.≈≈≈≈~~~≈≈≈≈≈≈
#..ww≈≈≈~~≈≈≈≈≈≈
##..≈~~≈≈~~≈w~##
##...##~≈~~~.#
#... ~~.~~##.


You could see 6 dart slugs, a bat and a rat.

Vanquished Creatures
  A dart slug (D:3)
  A ball python (D:1)
  A bat (D:3)
  An endoplasm (D:1)
  2 goblins (D:1)
  A quokka (D:1)
  A kobold (D:1)
  A rat (D:1)
9 creatures vanquished.

Notes
Turn   | Place    | Note
-------+----------+-------------------------------------------
     0 | D:1      | AstroCodex24 the Demigod Fighter began the quest for the
                  | Orb.
     0 | D:1      | Reached XP level 1. HP: 18/18 MP: 3/3
   169 | D:3      | Killed from afar by a dart slug

Illustrated notes

Levels and vault maps discovered:
D:1:      minmay_arrival_shattered_statue, layout_loops_ring,
          serial_bayou_pond_d
D:2:      layout_loops_corners, shapermc_ecumenical_altar_acropolis,
          nrook_campfire, minmay_tree_intersection, moated_statue,
          amcnicky_mini_rare_corridor_liquid
D:3:      kennysheep_slugbush, layout_rooms, good_gods_temple_1,
          gammafunk_ghost_abyssal_escape, minmay_unequal

Action                     || total
---------------------------++-------
  Melee: War axe           ||    20
  Evoke: Wand              ||     1
 Armour: Scale mail        ||    31
  Dodge: Dodged            ||    22
  Block: Buckler           ||    17

Table legend: (Time is in decaauts)
 A = Elapsed time spent in this place.
 B = Non-inter-level travel time spent in this place.
 C = Inter-level travel time spent in this place.
 D = Time resting spent in this place.
 E = Time spent auto-exploring this place.
 F = Levels seen in this place.
 G = Mean time per level.
                   A        B        C        D        E       F      G
               +--------+--------+--------+--------+--------+-----+--------+
         Total |    178 |    178 |      0 |      0 |      0 |   3 |   59.3 |
       Dungeon |    178 |    178 |      0 |      0 |      0 |   3 |   59.3 |
               +--------+--------+--------+--------+--------+-----+--------+

Top non-repeatable levels by time:
     D:1: 154 daAuts
     D:3: 15 daAuts
     D:2: 8 daAuts
